 Dungeon Crawl Stone Soup version 0.29.1-12-g30fa7ad0bf (webtiles) character file.

Game seed: 7450375777660513499

124 LustLizard the Fighter (level 5, 0/51 HPs)
             Began as a Gnoll Wanderer on Jan 17, 2023.
             Slain by an orc wizard
             ... wielding a +0 dagger
              (4 damage)
             ... on level 2 of the Dungeon.
             The game lasted 00:05:23 (1708 turns).

LustLizard the Fighter (Gnoll Wanderer)             Turns: 1708, Time: 00:05:24

Health: 0/51       AC:  7    Str: 13    XL:     5   Next: 8%
Magic:  5/7        EV: 15    Int: 12    God:
Gold:   50         SH:  0    Dex: 11    Spells: 6/6 levels left

rFire   + . .      SeeInvis .   h - +3 demon trident (drain)
rCold   . . .      Faith    .   (no shield)
rNeg    . . .      Spirit   .   l - +1 scale mail {rPois}
rPois   +          Reflect  .   (no helmet)
rElec   .          Harm     .   (no cloak)
rCorr   .          Rampage  .   (no gloves)
Will    .....                   (no boots)
Stlth   ..........              (no amulet)
HPRegen 0.17/turn               g - +4 ring of evasion
MPRegen 0.10/turn               m - ring of protection from fire

@: studying Conjurations
A: fangs 1, strong nose, distributed training
a: no special abilities


You were on level 2 of the Dungeon.
You visited 1 branch of the dungeon, and saw 2 of its levels.

You collected 50 gold pieces.

Inventory:

Hand Weapons
 a - a +1 falchion
 h - a +3 demon trident of draining (weapon)
Missiles
 e - 4 poisoned darts
 j - 15 stones (quivered)
Armour
 b - a +2 leather armour
 f - a +0 ring mail
 k - a +1 robe of willpower
 l - a +1 scale mail of poison resistance (worn)
Jewellery
 g - a +4 ring of evasion (left hand)
 m - a ring of protection from fire (right hand)
Scrolls
 d - a scroll of vulnerability
 n - a scroll of poison
 o - a scroll of fear
 q - a scroll of fog
Potions
 c - a potion of invisibility
 i - 2 potions of degeneration {unknown}
 p - a potion of haste


   Skills:
 + Level 8.6 Fighting
 + Level 1.4 Short Blades
 + Level 4.7 Long Blades
 + Level 1.4 Axes
 + Level 1.4 Maces & Flails
 + Level 1.4 Polearms
 + Level 1.4 Staves
 + Level 1.4 Ranged Weapons
 + Level 1.4 Throwing
 + Level 2.9 Armour
 + Level 6.6 Dodging
 + Level 1.4 Stealth
 + Level 1.4 Shields
 + Level 1.4 Unarmed Combat
 + Level 1.4 Spellcasting
 + Level 1.5 Conjurations
 + Level 1.1 Hexes
 + Level 1.1 Summonings
 + Level 1.1 Necromancy
 + Level 1.1 Translocations
 + Level 1.1 Transmutations
 + Level 1.1 Fire Magic
 + Level 1.1 Ice Magic
 + Level 1.1 Air Magic
 + Level 1.1 Earth Magic
 + Level 1.1 Poison Magic
 + Level 1.5 Invocations
 + Level 1.4 Evocations


You had 6 spell levels left.
You didn't know any spells.
Your spell library contained the following spells:

 Spells                   Type           Power      Damage    Failure   Level
 Apportation              Tloc           6%         N/A       63%         1
 Beastly Appendage        Tmut           6%         N/A       63%         1
 Sublimation of Blood     Necr           3%         N/A       77%         2
 Wereblood                Tmut           3%         N/A       77%         2
 Spider Form              Tmut/Pois      3%         N/A       94%         3
 Alistair's Intoxication  Tmut/Pois      2%         N/A       100%        5
 Summon Hydra             Summ           1%         N/A       100%        7


Dungeon Overview and Level Annotations

Branches:
Dungeon (2/15)

Altars:
Sif Muna

Shops:
D:1 =


Innate Abilities, Weirdness & Mutations

You have very sharp teeth.
Your uncanny sense of smell can sniff out nearby items.
Your experience applies equally to all skills.


Message History

You hear some strange, mumbled words.
You are confused.
Unknown command.
You bump into the rock wall.
You're too confused to move!
Something hits you but does no damage. Something hits you but does no damage.
You hit something but do no damage. Your bite misses something.
You feel less confused. Something hits you. x2
The orc priest calls down the wrath of Beogh upon you.
Beogh smites you!
You hit something. Something hits you but does no damage.
You closely miss something.
The orc priest mumbles some strange prayers to Beogh against you.
Something hits you.
You miss something.
The orc priest invokes the aid of Beogh against you.
Beogh smites you!
You hear some strange, mumbled words.
Something tries to affect you, but you resist.
You closely miss something.
You hear some strange, mumbled words.
Something tries to affect you, but you resist.
The orc priest misses you.
You puncture the orc priest!
The orc priest is almost dead.
The orc priest calls down the wrath of Beogh upon you.
Pain shoots through your body!
* * * LOW HITPOINT WARNING * * *
Something hits you but does no damage.
You puncture the orc priest!
You kill the orc priest!
Something hits you but does no damage.
You have reached level 5!
You start resting.
Something hits you.
* * * LOW HITPOINT WARNING * * *
Okay, then.
Something hits you.
You die...

)### ###.......#.#### .##
#.....##.##....#
.....+..........###.#
.#####.....<....# #.##### .###
#..........###.....# .).
..............#.....#
.###+##+#.#...).#.#.##..#
........#.###...#.#.##..#
........#. #....@.......#
........# #.####.#..#.##
........# ..........##.#
........####..###...##.#########
........# #.####...##.........#
.#....#.# #....#...########.###
.#.#.##.#######.#...########.#
.#.............<.......#...#.#
.#.#....#########.####.##..#.#


There were no monsters in sight!

Vanquished Creatures
  An orc priest (D:2)
  Terence (D:2)
  A gnoll (D:1)
  2 dart slugs (D:1)
  An orc (D:2)
  4 ball pythons
  10 bats
  4 endoplasms
  2 giant cockroaches
  3 goblins
  8 hobgoblins
  5 jackals (D:1)
  A kobold (D:1)
  A quokka (D:1)
  A frilled lizard (D:1)
  8 rats
53 creatures vanquished.

Notes
Turn   | Place    | Note
-------+----------+-------------------------------------------
     0 | D:1      | LustLizard the Gnoll Wanderer began the quest for the Orb.
     0 | D:1      | LustLizard set off with the following items: a +1 falchion,
                  | a +2 leather armour, a potion of invisibility.
     0 | D:1      | Reached XP level 1. HP: 26/26 MP: 1/1
    41 | D:1      | Reached XP level 2. HP: 30/33 MP: 2/2
   376 | D:1      | Reached XP level 3. HP: 38/38 MP: 3/3
   631 | D:1      | Reached skill level 1 in Invocations
   716 | D:1      | Reached skill level 1 in Short Blades
   716 | D:1      | Reached skill level 1 in Axes
   716 | D:1      | Reached skill level 1 in Maces & Flails
   716 | D:1      | Reached skill level 1 in Polearms
   716 | D:1      | Reached skill level 1 in Staves
   716 | D:1      | Reached skill level 1 in Ranged Weapons
   716 | D:1      | Reached skill level 1 in Throwing
   716 | D:1      | Reached skill level 1 in Stealth
   716 | D:1      | Reached skill level 1 in Shields
   716 | D:1      | Reached skill level 1 in Unarmed Combat
   716 | D:1      | Reached skill level 1 in Spellcasting
   716 | D:1      | Reached skill level 1 in Conjurations
   716 | D:1      | Reached skill level 1 in Evocations
  1099 | D:1      | Found Qudesec's Jewellery Emporium.
  1199 | D:2      | Reached XP level 4. HP: 37/45 MP: 5/5
  1295 | D:2      | Found a faded altar of an unknown god.
  1332 | D:2      | Noticed Terence
  1339 | D:2      | Killed Terence
  1340 | D:2      | Reached skill level 1 in Hexes
  1340 | D:2      | Reached skill level 1 in Summonings
  1340 | D:2      | Reached skill level 1 in Necromancy
  1340 | D:2      | Reached skill level 1 in Translocations
  1340 | D:2      | Reached skill level 1 in Transmutations
  1340 | D:2      | Reached skill level 1 in Fire Magic
  1340 | D:2      | Reached skill level 1 in Ice Magic
  1340 | D:2      | Reached skill level 1 in Air Magic
  1340 | D:2      | Reached skill level 1 in Earth Magic
  1340 | D:2      | Reached skill level 1 in Poison Magic
  1636 | D:2      | Found a shimmering blue altar of Sif Muna.
  1707 | D:2      | Reached XP level 5. HP: 5/51 MP: 5/7
  1708 | D:2      | Slain by an orc wizard

Illustrated notes

Levels and vault maps discovered:
D:1:      dpeg_arrival_oval, layout_loops_corners, serial_shops, shop_fountains
D:2:      layout_basic, basic_ecumenical_altar, basic_altar, skrybe_limestone_x,
          uniq_terence

Skill      XL: |  1  2  3  4 |
---------------+-------------+-----
Invocations    | 1 |  1.5
Short Blades   | 1 |  1.4
Axes           | 1 |  1.4
Maces & Flails | 1 |  1.4
Polearms       | 1 |  1.4
Staves         | 1 |  1.4
Ranged Weapons | 1 |  1.4
Throwing       | 1 |  1.4
Stealth        | 1 |  1.4
Shields        | 1 |  1.4
Unarmed Combat | 1 |  1.4
Spellcasting   | 1 |  1.4
Conjurations   | 1 |  1.5
Evocations     | 1 |  1.4
Hexes          | 1 |  1.1
Summonings     | 1 |  1.1
Necromancy     | 1 |  1.1
Translocations | 1 |  1.1
Transmutations | 1 |  1.1
Fire Magic     | 1 |  1.1
Ice Magic      | 1 |  1.1
Air Magic      | 1 |  1.1
Earth Magic    | 1 |  1.1
Poison Magic   | 1 |  1.1
Fighting       | |  8.6
Long Blades    | |  4.7
Armour         | |  2.9
Dodging        | |  6.6

Action                   |  1- 3 |  4- 6 || total
-------------------------+-------+-------++-------
Melee: Falchion          |    81 |       ||    81
       Bite              |     6 |     1 ||     7
       Demon trident     |    21 |    29 ||    50
       Punch             |     2 |       ||     2
  Use: Scroll            |       |     7 ||     7
Armor: Leather armour    |     6 |       ||     6
       Ring mail         |    19 |     1 ||    20
       Scale mail        |       |     8 ||     8
Dodge: Dodged            |    86 |    15 ||   101
